[Event "Oceania Zonal Open 2023"]
[Site "Melbourne"]
[Date "2023.01.26"]
[Round "6.7"]
[White "Koh, Cedric"]
[Black "Croad, Nicolas"]
[Result "0-1"]
[ECO "D38"]
[WhiteElo "1970"]
[BlackElo "2218"]
[Annotator "TA"]
[PlyCount "86"]
[EventDate "2023.01.09"]
[EventType "swiss"]
[EventCountry "AUS"]
[SourceTitle "playchess.com"]
[Source "ChessBase"]
[SourceQuality "1"]
[TimeControl "5400+30"]

1. d4 Nf6 2. c4 e6 3. Nf3 d5 4. Nc3 Bb4 5. cxd5 exd5 6. Bg5 h6 7. Bh4 O-O {[%emt 0:01:46] D38: Queen's Gambit Declined: Ragozin Defence (4 Nf3 Bb4).} 8. e3 Bf5 9. Qb3 c5 {[%emt 0:03:21] The position is equal.} 10. dxc5 Nc6 11. Bb5 {[%emt 0:01:46] [#]} g5 $146 (11... Bxc5 $14 12. Bxf6 Qxf6) ({Predecessor:} 11... Bxc5 12. Bxf6 Qxf6 13. Nxd5 Qd8 14. O-O Be4 15. Rfd1 Bxf3 16. gxf3 Qg5+ 17. Kh1 Qh5 {0-1 Velten,P (2482)-Xu,Y (2527) Cappelle Online Blitz op 2021 (10)}) 12. Bxc6 $16 Bxc3+ 13. Qxc3 bxc6 14. Bg3 Ne4 15. Qa3 Re8 16. O-O Qf6 17. Nd4 Bd7 18. Bc7 h5 19. Ba5 {[%emt 0:10:12] Hoping for f3.} g4 20. f3 gxf3 21. Rxf3 (21. gxf3 $2 Qg7+ 22. Kh1 Bh3 23. fxe4 Qg2#) 21... Qg5 22. h3 {[%emt 0:17:01] Repels Bg4} Qg6 (22... Kh8 $14 23. Rc1 Qg6) 23. Kh2 Bg4 24. Rf4 $2 (24. hxg4 $18 hxg4 25. Rf4 (25. Rf5 Qh7+ 26. Kg1 g3 $14)) 24... Bxh3 $1 $15 25. g4 {[%emt 0:05:58][%mdl 8192] Black converts the advantage convincingly.} (25. gxh3 {is a self mate.} Qg3+ 26. Kh1 Qxh3+ 27. Kg1 Kh8 28. Rxe4 Rg8+) ({White must play} 25. Rg1 $1 $15 Bd7 26. Kh1) 25... hxg4 $19 {[%emt 0:04:26] And now ...Re5 would win.} ({Stronger than} 25... Bxg4 26. Rg1 $17) 26. Nf5 (26. Kg1 $142 Ng5 27. Rd1 Nf3+ 28. Kf2 Nxd4 29. Rfxd4 g3+ 30. Kg1) 26... Re5 27. Ng3 Rae8 {[%emt 0:02:38] ...Nxg3 would be deadly.} 28. Re1 Nxg3 29. Kxg3 Qc2 {[%emt 0:00:17] Prevents e4} 30. Rf2 {[%emt 0:00:42] Dodges Qg2+. White is weak on the light squares} Qe4 {[%emt 0:00:31] ( -> ...Rh5)} 31. Bc7 (31. Qc3 $19 Bf1 32. Qd4 (32. Rexf1 $2 {loses.} Qh7 $19) 32... Qxd4 33. exd4 Rxe1 34. Bxe1 Rxe1 35. Kxg4) 31... Rf5 $2 (31... Rh5 {mates} 32. Rc1 Qe7 33. Rd2 Qh4+ 34. Kh2 Bf1+ 35. Kg1 Qh1+ 36. Kf2 g3+ {[%mdl 64] Decoy} 37. Kxg3 Rh3+ {[%mdl 64] Skewer} 38. Kg4 Qf3+ 39. Kg5 Rh5#) 32. Bf4 $2 (32. Rxf5 $17 Qxf5 33. e4 dxe4 34. Qe3) 32... d4 (32... Rh5 $142 33. Rg1 Qe7 34. Rfg2 Qh4+ 35. Kh2 Bxg2+ 36. Kxg2 Qh3+ 37. Kf2 Qf3+ 38. Ke1 Qxf4 39. Kd1 Rxe3 40. Qxe3 Qxe3 41. Re1 Qd3+ 42. Kc1 Rh2 43. Re8+ Kh7 44. Rh8+ Kxh8 45. b4 Qf1#) 33. Ree2 d3 34. Re1 Rd8 (34... Rh5 $142 35. Qc3 Qe7 36. Bg5 Qxg5 37. Qf6 Rxe3+ 38. Rf3 Rxf3+ 39. Qxf3 gxf3+ 40. Kxf3 Bg2+ 41. Kf2 Qf4+ 42. Kg1 Be4 43. Rxe4 Qg3+ 44. Kf1 Rh1#) 35. Qc3 Rdd5 {[%emt 0:01:33][%cal Oh3g2] Threatens to win with ...Bg2!} 36. b4 {[%emt 0:02:15] [#]} d2 $1 37. Rxd2 (37. Rd1 Rd3) 37... Qf3+ 38. Kh2 Rxf4 39. Qc2 Rc4 40. Qb2 g3+ 41. Kg1 Be6 42. Rg2 Rh4 (42... Rd1 $142 43. Qf2 Qxf2+ {[%mdl 64] Remove Defender} 44. Rxf2 Rxe1+ 45. Kg2 Bd5+ 46. e4 gxf2 47. Kxf2 Rexe4 48. b5 Rc3 {[%mdl 64] Discovered Attack} 49. bxc6 Bc4 50. Kg1 Re2 51. Kh1 Rc1#) 43. b5 Rdh5 {[%emt 0:00:18] A brilliant game!   Weighted Error Value: White=1.06/Black=0.75} 0-1

[Event "Oceania Zonal Open 2023"]
[Site "Melbourne"]
[Date "2023.01.26"]
[Round "6.8"]
[White "Winkelman, Albert"]
[Black "Li, Jackie"]
[Result "1-0"]
[ECO "A06"]
[WhiteElo "2272"]
[BlackElo "2035"]
[Annotator "TA"]
[PlyCount "91"]
[EventDate "2023.01.09"]
[EventType "swiss"]
[EventCountry "AUS"]
[SourceTitle "playchess.com"]
[Source "ChessBase"]
[SourceQuality "1"]
[TimeControl "5400+30"]

1. Nf3 d5 2. b3 Nf6 3. Bb2 Bf5 4. Nh4 Bd7 5. g3 {[%emt 0:00:09] [#]} c6 $146 ({Predecessor:} 5... Qc8 6. c4 dxc4 7. bxc4 Bc6 8. Nf3 Bxf3 9. exf3 Nc6 10. d4 e5 11. d5 Nd4 {1-0 Hakobyan,A (2602)-Andreikin,D (2724) Titled Tuesday intern op 01st Feb-B blitz 2022 (9)}) 6. Bg2 {[%emt 0:00:12] A06: Réti Opening: 1 Nf3 d5.} g6 7. c4 dxc4 8. bxc4 {[%emt 0:00:11] White is better.} Bg7 9. O-O O-O 10. d4 Qc8 11. Qb3 Na6 12. Bc3 {[%emt 0:06:48] White is more active.} Rb8 (12... b5 $11) 13. Re1 (13. a4 $16) 13... Bh3 (13... b5 $11) 14. Bh1 (14. Nd2 $14) 14... Nd7 15. Nd2 e5 16. e3 b5 17. Nhf3 Be6 18. Nxe5 Nxe5 19. dxe5 Nc5 20. Qc2 {[%emt 0:01:41] Strongly threatening Bb4.} bxc4 21. Reb1 Nd3 {[%emt 0:08:33] Inhibits Bb4.} 22. f4 Bf5 (22... Qa6 $11) 23. e4 (23. Nxc4 Rxb1+ 24. Rxb1 Nxf4 $17) (23. Rxb8 $16 Qxb8 24. Qa4 (24. Nxc4 Nxf4 25. e4 Nh3+ 26. Kg2 Bg4 $17) (24. Bxc6 $2 Qb6 $19)) 23... Be6 $11 24. Qa4 (24. Bg2 $11) 24... Rd8 (24... Qd7 $17 {[%cal Od3f4] And now ...Nxf4! would win.} 25. Bg2 (25. Nxc4 $2 Nc5 $17) 25... Rb5) 25. Rxb8 $1 (25. Qxa7 $2 Ra8 26. Qb7 Qxb7 27. Rxb7 Nc5 $19) (25. Nxc4 Rb5 26. Ne3 Bf8 $19) 25... Qxb8 26. Rb1 {[%emt 0:00:06] Prevents Qb6+.} (26. Nxc4 $2 {loses.} Bxc4 27. h3 (27. Qxc4 $2 Qb6+ 28. Kg2 Qf2+ 29. Kh3 Qe2 $19) 27... Qb6+ 28. Kh2 Qf2+ 29. Bg2 Nxf4 30. gxf4 Bb5 $19) (26. Qxc6 $2 Nb4 27. Qc5 Bf8 $19) 26... Qc8 27. Nxc4 Bxc4 (27... g5 $1 $11) 28. Qxc4 $16 Qg4 {[%emt 0:01:51] Against Bf3. White must now prevent ...Qe2.} 29. Kf1 {[%emt 0:05:38] Prevents Qe2+.} (29. Qxc6 $2 {is the wrong capture.} Nxf4 30. Bg2 Ne2+ 31. Kf2 Rc8 $19) (29. Rf1 $16) 29... Nxf4 $11 30. gxf4 Qxf4+ 31. Kg1 {[%emt 0:02:25] Threatens to win with Qc5.} Qe3+ 32. Kg2 $2 (32. Kf1 $1 $11 {and White is okay.}) 32... Qg5+ $2 ({Black should play} 32... Rd3 $19 33. Be1 (33. Rb8+ $2 Bf8 $19) 33... Qe2+ 34. Kg1 Rg3+ {[%mdl 64] Discovered Attack} 35. hxg3 Qxc4 36. Rb8+ Bf8) 33. Kf2 Qf4+ 34. Bf3 Qxh2+ 35. Kf1 Qf4 36. Qe2 Bxe5 37. Bxe5 Qxe5 38. Bg2 Qf4+ 39. Qf3 Qxf3+ 40. Bxf3 {[%emt 0:00:07][%mdl 4096] Endgame KRB-KR} Rd2 41. a4 {[%emt 0:01:06] Threatening e5.} Ra2 (41... Rd4 $11 {remains equal.}) 42. Rb4 (42. Bd1 $1 $16) 42... h5 43. e5 c5 $2 {[%emt 0:01:23] [#]} (43... Ra1+ $14 44. Ke2 Ra2+ 45. Kd1 Ra1+ 46. Kc2 Ra2+ 47. Kb3 Ra1) 44. Rc4 $2 ({White has to play} 44. Rb8+ $1 $18 Kg7 45. Rb7 Ra1+ 46. Ke2 Ra2+ 47. Kf1) 44... Kf8 45. Rf4 ({Better is} 45. Bc6 $16) 45... g5 $2 {[%emt 0:00:58] [#]} (45... Ra1+ $14 46. Ke2 Ra2+ 47. Kd3 Ra3+ 48. Kc2 Re3) 46. Ke1 $4 {[%emt 0:00:31][%mdl 40960] Weighted Error Value: White=0.48/Black=0.49. Sensor Board Error (Ke4/e5)?} 1-0

[Event "Oceania Zonal Open 2023"]
[Site "Melbourne"]
[Date "2023.01.26"]
[Round "6.9"]
[White "Rodgers, Jack"]
[Black "Cannon, David"]
[Result "1-0"]
[ECO "A45"]
[WhiteElo "2034"]
[BlackElo "2112"]
[Annotator "TA"]
[PlyCount "157"]
[EventDate "2023.01.09"]
[EventType "swiss"]
[EventCountry "AUS"]
[SourceTitle "playchess.com"]
[Source "ChessBase"]
[SourceQuality "1"]
[TimeControl "5400+30"]

1. d4 Nf6 2. Bg5 g6 3. Bxf6 exf6 4. e3 Bg7 5. g3 O-O 6. Bg2 d6 7. Ne2 f5 8. O-O Nd7 9. c4 {[%emt 0:02:56] A45: Trompowsky Attack.} a5 {[%emt 0:00:16] [#]} 10. Nd2 $146 ({Predecessor:} 10. Nbc3 c6 11. Qc2 Nf6 12. Rfd1 Qe7 13. Nf4 g5 14. Nd3 Rb8 15. c5 dxc5 16. Nxc5 f4 {1-0 Voitovich,V (2321)-Lornye,P (2214) Lvov Maksym Yusupov Memorial 3rd rapid 2015 (2)}) 10... Nf6 11. a3 {[%emt 0:00:50] The position is equal.} h5 12. h4 Re8 13. Nc3 Ng4 14. Nf3 c6 15. Qd3 Bh6 (15... b6 {looks sharper.} 16. Ng5 Bb7 17. Rfe1 Bh6) 16. Rfe1 Bd7 17. Rad1 Qc7 18. Nh2 (18. Ng5 {is interesting.} Rab8 19. Rb1 Re7 20. Re2) 18... Nf6 19. f4 (19. Nf1 $11) 19... Re7 20. b4 Rae8 21. Rb1 axb4 22. axb4 Bg7 23. b5 c5 {[%emt 0:06:24] Hoping for ...cxd4.} 24. d5 (24. b6 $15 Qb8 25. dxc5) 24... Qb6 (24... Qa5 $17 25. Rb3 Ra8) 25. Ra1 $1 $15 Ng4 26. Nxg4 hxg4 27. Kf1 (27. Kf2 $15) 27... Rb8 (27... Bxb5 $1 $17 {aiming for ...Ba6.} 28. cxb5 c4) 28. Ra2 Qd8 29. Ree2 Kh7 30. Nd1 $1 Re8 31. Ra3 Qe7 32. Nf2 Ra8 33. Rea2 Rab8 34. Nd1 Bf6 35. Qd2 Kg7 36. Qe1 Qf8 37. Nf2 Ra8 38. Qb1 Rab8 39. Qb3 Qe7 40. Re2 Ra8 41. Qa2 Qf8 42. Ra7 {[%emt 0:01:47] [#]} (42. Nd1 $1 $11 {keeps the balance.}) 42... Rab8 (42... Rxa7 $1 $17 43. Qxa7 Bc8) 43. Qa3 $11 Qe7 44. Nd1 Kh6 45. Ra2 Bd4 {[%emt 0:01:05][%mdl 64] Back Rank} 46. Kf2 Bg7 (46... Kh7 $5) 47. Qa5 Bc8 48. Ra8 Rxa8 49. Qxa8 f6 50. Qa5 g5 51. hxg5+ (51. Qe1 $11 {was preferrable.}) 51... fxg5 $15 52. fxg5+ ({White should try} 52. Qd2 $15) 52... Kxg5 (52... Qxg5 $142 {And now ...Be5 would win.} 53. Kf1 Be5) 53. Qd2 {[%emt 0:01:08] [#]} Be5 $1 {[%emt 0:01:19] White must now prevent ...Qh7.} 54. Nc3 $2 (54. Qe1 $17) 54... Kg6 $2 ({Black should play} 54... Bxg3+ $1 $19 55. Kxg3 Qxe3+ 56. Qxe3+ Rxe3+ 57. Kf2 Rxc3) 55. Ne2 $11 Rh8 56. Ra8 Bd7 57. Rxh8 Bxh8 58. Qa5 {[%emt 0:00:25] Qc7 would be deadly.} Bc8 59. Qa8 Qd8 60. Nf4+ Kf7 61. Bf1 Be5 62. Nd3 Bf6 63. Bg2 Qe8 64. Qb8 Qd8 65. Nf4 Be5 66. Ne6 Qh8 (66... Qd7 67. Nxc5 Qe8 68. Ne6 $16 (68. Nxb7 Bxg3+ {[%mdl 64] Decoy} 69. Kxg3 Qxe3+ 70. Kh2 Qf4+ 71. Kg1 Qe3+ 72. Kh2 Qf4+ 73. Kh1 Qc1+ 74. Kh2 Qf4+ $11)) 67. Qc7+ Kf6 68. Nd8 (68. Nf4 $5 ) 68... Qh2 69. Qxc8 Qxg3+ 70. Kf1 {[%emt 0:00:06] Qe6+ would kill now.} Qxe3 71. Qe6+ (71. Nxb7 Qc1+ 72. Kf2 Bd4+ 73. Ke2 Qc2+ 74. Ke1 Bc3+ 75. Kf1 Qd1+ 76. Kf2 Qe1#) 71... Kg5 $2 (71... Kg7 $1 $11 72. Qf7+ (72. Nxb7 {is a self mate.} Qd3+ 73. Kg1 Qd4+ 74. Kf1 Qd1+ 75. Kf2 g3+ 76. Ke3 Bd4+ 77. Kf4 Qg4#) (72. Qxf5 Qc1+ 73. Kf2 Qd2+ 74. Kg1 Qe3+ 75. Qf2 Bh2+ 76. Kf1 Qc1+ 77. Ke2 Qb2+ 78. Ke3 Qd4+ 79. Ke2 Qb2+ 80. Kf1 Qc1+ 81. Ke2 Qb2+ $11) 72... Kh6 73. Qxf5 Qc1+ 74. Ke2 (74. Kf2 Qd2+ 75. Kg1 Qe1+ 76. Bf1 Qg3+ 77. Bg2 Qe1+ 78. Bf1 Qg3+ 79. Bg2 Qe1+ $11) 74... Qb2+ 75. Kf1 Qc1+ 76. Kf2 Qd2+ 77. Kg1 Qe3+ 78. Qf2 Bh2+ 79. Kf1 Qd3+ 80. Qe2 (80. Ke1 $2 Bg3 $19) 80... Qb1+ 81. Qe1 Qd3+ 82. Qe2 Qb1+ 83. Qe1 Qd3+ 84. Qe2) 72. Nf7+ $18 (72. Nxb7 Qc1+ 73. Ke2 Qc2+ 74. Kf1 Qd1+ 75. Kf2 g3+ 76. Ke3 Bf4#) 72... Kh4 {[%emt 0:00:03] ( -> ...Qc1+)} 73. Qh6+ (73. Nxd6 {leads to mate.} Qd3+ 74. Kf2 g3+ 75. Kg1 Qe3+ 76. Kh1 Qe1+) ({Weaker is} 73. Qxf5 Qc1+ 74. Ke2 Qb2+ 75. Kd1 Qd4+ 76. Ke2 Bf4 $15) 73... Qxh6 74. Nxh6 f4 $2 (74... Kg5 75. Nf7+ Kf6) 75. Nf7 {[%emt 0:00:21] Intending Nxe5 and mate.} Bb2 {[%emt 0:01:17] Wards off Nxe5} 76. Nxd6 Kg3 77. Nxb7 {[%emt 0:00:10] White mates.} f3 78. Bh1 Kh2 {[%emt 0:00:49] [#]} 79. Bxf3 $1 {[%emt 0:00:07] Quite a comeback for White.   Weighted Error Value: White=0.22 (precise) /Black=0.21 (precise)} 1-0

[Event "Oceania Zonal Open 2023"]
[Site "Melbourne"]
[Date "2023.01.26"]
[Round "6.9"]
[White "Lee, Lachlan"]
[Black "McGowan, Cameron"]
[Result "0-1"]
[ECO "A24"]
[WhiteElo "1910"]
[BlackElo "2175"]
[Annotator "TA"]
[PlyCount "74"]
[EventDate "2023.01.09"]
[EventType "swiss"]
[EventCountry "AUS"]
[SourceTitle "playchess.com"]
[Source "ChessBase"]
[SourceQuality "1"]
[TimeControl "5400+30"]

1. c4 Nf6 2. Nc3 g6 3. g3 Bg7 4. Bg2 O-O 5. Nf3 d6 6. O-O e5 7. d3 Re8 8. Rb1 a5 9. a3 c6 10. b4 axb4 11. axb4 d5 {[%emt 0:00:17] A24: English Opening vs King's Indian: Lines without ...Nc6.} 12. b5 dxc4 {[%emt 0:14:00] [#]} (12... d4 $5 13. bxc6 bxc6 $11) 13. dxc4 $146 ({Predecessor:} 13. bxc6 Nxc6 14. dxc4 Qa5 15. Nd5 Nxd5 16. cxd5 Nd4 17. Nxd4 exd4 18. e4 Ra7 19. Bb2 {1-0 Willim,M (2099)-Szilardfy,G (2123) Budapest FS04 Elo-A 2005 (11)}) 13... Qe7 {[%emt 0:01:18] The position is equal.} 14. Ne1 Bf5 15. Rb2 e4 16. bxc6 bxc6 17. Bf4 (17. Nc2 $1 $11) 17... Ng4 $36 {[%emt 0:02:21][%mdl 2048] Black has strong initiative.} 18. Rb3 {[%emt 0:01:40] [#]} e3 $1 19. f3 Ne5 {[%emt 0:11:30] Black has more active pieces.} (19... Nf2 $142 20. Qd6 Qxd6 21. Bxd6 Nd7) 20. Bxe5 $17 Qxe5 21. f4 (21. Ne4 $17) 21... Qc5 22. Nd3 Qxc4 {[%emt 0:01:39] ...Be6 would be deadly.} 23. Nb5 $2 (23. Ne5 Bxe5 24. fxe5) 23... Ra1 $19 24. Nd6 Rxd1 25. Nxc4 Bxd3 {[%emt 0:01:49] This pair of bishops is nice.} 26. Rxd1 Bxc4 27. Ra3 (27. Rbd3 {keeps fighting.}) 27... Bxe2 28. Re1 Bb5 29. Bf3 e2 30. Bxe2 (30. Ra2 $142) 30... Bxe2 {[%emt 0:01:33][%cal Bb5e2,Be2f3,Bf3e4][%mdl 32] Black is clearly winning.} 31. Ra2 Bd4+ 32. Kg2 {[%emt 0:00:06] [#]} Bf3+ $1 33. Kf1 (33. Kxf3 Rxe1) 33... Rxe1+ 34. Kxe1 c5 35. Ra4 Nd7 36. Kd2 Nf6 37. Ra3 Be4 {[%emt 0:00:12] Weighted Error Value: White=0.86/Black=0.12 (very precise)} 0-1

[Event "Oceania Zonal Open 2023"]
[Site "Melbourne"]
[Date "2023.01.26"]
[Round "6.10"]
[White "Clarke, Matthew"]
[Black "Testolin, Ryder"]
[Result "0-1"]
[ECO "D43"]
[WhiteElo "2104"]
[BlackElo "2012"]
[Annotator "TA"]
[PlyCount "69"]
[EventDate "2023.01.09"]
[EventType "swiss"]
[EventCountry "AUS"]
[SourceTitle "playchess.com"]
[Source "ChessBase"]
[SourceQuality "1"]
[TimeControl "5400+30"]

1. d4 d5 2. c4 e6 3. Nf3 Nf6 4. Nc3 c6 5. Bg5 h6 6. Bxf6 Qxf6 7. e3 Nd7 8. Bd3 dxc4 9. Bxc4 g6 10. O-O Bg7 11. e4 e5 12. d5 Nb6 {[%emt 0:02:00] 12...0-0 is vanishing.} 13. Bb3 O-O {[%emt 0:01:49] D43: Semi-Slav: 5 Bg5 h6.} 14. dxc6 bxc6 15. Qe2 {[%emt 0:13:08] [#]} Kh7 $146 (15... Bg4 $11) ({Predecessor:} 15... Bg4 16. Rac1 Rfd8 17. Nd1 a5 18. a4 Rd4 19. Ne3 Bxf3 20. Qxf3 Qxf3 21. gxf3 Rb4 {½-½ Piceu,T (2361)-Van Haastert,E (2446) BEL-chT 1718 2017 (9.5)}) 16. Na4 Rb8 17. Nc5 a5 18. Ne1 Qe7 19. Ned3 f5 20. f3 f4 (20... a4 $11 21. Bc2 (21. Bxa4 Nxa4 22. Nxa4 Ba6 $11) 21... Nc4) 21. Rac1 $14 Rf6 22. Kh1 g5 23. Bc4 ({Better is} 23. Rfd1 $14) 23... Nxc4 $11 24. Rxc4 Rg6 25. g4 fxg3 26. hxg3 g4 {[%emt 0:04:16] [#] ...gxf3 is the strong threat.} 27. f4 exf4 28. Rxf4 h5 29. Qf2 (29. e5 {feels hotter.} h4 30. Qe4 hxg3 31. Kg1) 29... h4 30. Rf7 $2 (30. gxh4 $11 {and White stays safe.} Be6 31. Rc2) 30... hxg3 $1 $19 31. Rxe7 ({Wrong is} 31. Qh2+ $2 gxh2 32. Rxe7 g3 $19) 31... gxf2 32. Kg2 (32. Nxf2 {is the only way for White.} Rxb2 33. Nfd3 Rxa2 34. e5) 32... g3 {[%emt 0:00:19][%cal Oc8h3] [#] ( -> ...Bh3+!)} 33. Nd7 (33. Rc1 $142 Kg8 34. b3) 33... Rb7 34. N3c5 Rxb2 35. Rc1 {[%emt 0:00:49] Weighted Error Value: White=0.99/Black=0.10 (very precise)} 0-1

[Event "Oceania Zonal Open 2023"]
[Site "Melbourne"]
[Date "2023.01.26"]
[Round "6.10"]
[White "Zafirakos, Jesse"]
[Black "Nemeth, John"]
[Result "1/2-1/2"]
[ECO "B36"]
[WhiteElo "1902"]
[BlackElo "2157"]
[Annotator "TA"]
[PlyCount "66"]
[EventDate "2023.01.09"]
[EventType "swiss"]
[EventCountry "AUS"]
[SourceTitle "playchess.com"]
[Source "ChessBase"]
[SourceQuality "1"]
[TimeControl "5400+30"]

1. e4 c5 2. Nf3 Nc6 3. d4 cxd4 4. Nxd4 g6 5. c4 Nf6 6. Nc3 d6 7. Be2 Nxd4 8. Qxd4 Bg7 9. Be3 O-O 10. Qd2 Be6 11. O-O Qa5 12. f3 Rfc8 13. b3 a6 14. Rac1 b5 15. Nd5 Qxd2 16. Bxd2 Bxd5 {[%emt 0:01:11] B36: Sicilian: Maroczy Bind: Gurgenidze System.} 17. cxd5 Nd7 18. Rxc8+ Rxc8 19. Rc1 Rxc1+ 20. Bxc1 $11 {[%emt 0:00:03][%mdl 4096] Endgame KBB-KBN} Bd4+ 21. Kf1 Nc5 22. Ba3 Nd7 23. Bc1 Nc5 24. Ba3 Kg7 {[%emt 0:00:15] The position is equal.} 25. Bxc5 Bxc5 {[%emt 0:07:29] KB-KB} 26. a4 bxa4 27. bxa4 a5 28. f4 {[%emt 0:01:05] [#]} Kf6 $146 ({Predecessor:} 28... Be3 29. g3 Kf6 30. Kg2 Bd4 31. Kf3 Bg1 32. Kg2 Bd4 33. Kf3 Bg1 34. h3 Bd4 35. Bb5 Bc5 36. Bc6 Bd4 37. Bb5 Bc5 38. Bc6 Bd4 39. Bb5 Bc5 40. Bc6 {½-½ Wisniowska,K (2145)-Fischer,J (1937) EU-ch U18 Girls 23rd 2013 (6)}) 29. g3 g5 30. Kg2 e6 31. h3 exd5 32. exd5 gxf4 33. gxf4 Bb4 {[%emt 0:00:25] A balanced but interesting game.   Weighted Error Value: White=0.07 (flawless) /Black=0.05 (flawless)} 1/2-1/2

[Event "Oceania Zonal Open 2023"]
[Site "Melbourne"]
[Date "2023.01.26"]
[Round "6.11"]
[White "Kethro, Michael"]
[Black "Tang, Hao"]
[Result "1/2-1/2"]
[ECO "A59"]
[WhiteElo "2149"]
[BlackElo "1913"]
[Annotator "TA"]
[PlyCount "60"]
[EventDate "2023.01.09"]
[EventType "swiss"]
[EventCountry "AUS"]
[SourceTitle "playchess.com"]
[Source "ChessBase"]
[SourceQuality "1"]
[TimeControl "5400+30"]

1. d4 Nf6 2. c4 c5 3. d5 b5 4. cxb5 a6 5. bxa6 Bxa6 6. Nc3 g6 7. e4 Bxf1 8. Kxf1 d6 9. g3 Bg7 10. Kg2 O-O 11. Nf3 Nbd7 12. a4 {[%emt 0:00:39] A59: Benko/Volga Gambit: White castles by hand.} Qb6 13. Qe2 Rfb8 14. Nb5 {[%emt 0:03:27] White is better.} Ne8 15. Nd2 Nc7 (15... Qa6 $14 16. Ra3 Nc7) 16. Nc4 $16 Qb7 17. Nxc7 Qxc7 {[%emt 0:04:28] [#]} 18. Ra3 (18. a5 $1 $16) 18... Nb6 $11 19. b3 Nxc4 {[%emt 0:09:07] [#]} 20. bxc4 $146 (20. Qxc4 $5 Rb4 21. Qd3 $11) ({Predecessor:} 20. Qxc4 Rb4 21. Qc2 c4 22. Be3 Rab8 23. Rc1 Qd7 24. Rb1 h5 25. a5 h4 26. Bb6 {1-0 Klein,R (1884)-Schwab,W (1796) Schleswig Holstein-ch Seniors op 10th 2016 (6)}) 20... Rb4 {[%emt 0:00:44] The position is equal.} 21. Qc2 Qa7 $1 22. a5 Qa6 23. Ra4 Rxa4 24. Qxa4 {[%emt 0:00:10] [#] Black must now prevent Bd2.} Qxa5 25. Qxa5 Rxa5 {[%emt 0:00:07] KRB-KRB} 26. Bg5 f6 27. Be3 Ra4 28. Rc1 f5 29. exf5 gxf5 30. Rc2 Kf7 {[%emt 0:00:47] Weighted Error Value: White=0.15 (very precise) /Black=0.07 (flawless)} 1/2-1/2

[Event "Oceania Zonal Open 2023"]
[Site "Melbourne"]
[Date "2023.01.26"]
[Round "6.11"]
[White "Camer, Angelito"]
[Black "Xie, Felix"]
[Result "1-0"]
[ECO "D37"]
[WhiteElo "1983"]
[BlackElo "2103"]
[Annotator "TA"]
[PlyCount "88"]
[EventDate "2023.01.09"]
[EventType "swiss"]
[EventCountry "AUS"]
[SourceTitle "playchess.com"]
[Source "ChessBase"]
[SourceQuality "1"]
[TimeControl "5400+30"]

1. d4 d5 2. c4 e6 3. Nf3 Nf6 4. Nc3 Be7 5. Bf4 O-O 6. e3 b6 7. cxd5 Nxd5 8. Nxd5 {[%emt 0:00:47] D37: Queen's Gambit Declined: 5 Bf4.} Qxd5 9. a3 {[%emt 0:09:42] Against Bb4+} c5 10. dxc5 {[%emt 0:01:44] The position is equal.} (10. Be2 {is more complex.} cxd4 11. Qxd4 Bb7 12. O-O) 10... Qxd1+ (10... Qxc5 $11 11. Be2 Rd8) 11. Rxd1 $14 {[%emt 0:00:11] aiming for cxb6.} Bxc5 {[%emt 0:00:04] [#] Black is weak on the dark squares} 12. Bd6 $146 ({Predecessor:} 12. Bd3 Bb7 13. Ng5 h6 14. Ne4 Be7 15. O-O Rd8 16. Bb1 Nd7 17. Bc7 Bd5 18. Bxd8 Rxd8 {1-0 Korobov,A (2688)-Carlsen,M (2863) FIDE Steinitz Memorial blitz 2020 (4)}) 12... Rd8 13. Bxc5 {[%emt 0:00:18][%cal Rd1d8] [#]} Rxd1+ 14. Kxd1 bxc5 15. Kc2 Nd7 16. Bb5 Rb8 17. Bxd7 (17. Bc6 $5 Rb6 18. Ba4 $11) 17... Bxd7 {[%emt 0:00:07][%mdl 4096] Endgame KRB-KRN} 18. b3 Bc6 19. Kc3 a5 20. Rb1 Be4 21. Rb2 Bd5 22. Nd2 (22. Ne5 $5 ) 22... Bxg2 23. Kc4 a4 24. Kxc5 {[%emt 0:01:29] b4 would be deadly.} axb3 25. Rxb3 Rxb3 {[%emt 0:00:40][%mdl 8192] White stays focused until the end.} (25... Rc8+ $11 26. Kb4 Bd5) 26. Nxb3 $11 {[%emt 0:00:12] Black must now prevent Kd6. KB-KN} Kf8 $2 (26... Bd5) 27. Kd6 $18 Ke8 28. Nc5 Bd5 $2 (28... Kd8 29. a4 Bf3) 29. e4 Bc4 30. a4 Kd8 31. a5 {[%emt 0:00:02] Hoping for a6.} Kc8 32. a6 {[%emt 0:00:38] White threatens a7 and mate.} Kb8 33. Ke7 {[%emt 0:00:53][%mdl 64] [#] Deflection} f6 34. Nxe6 Bxa6 35. Nxg7 {[%emt 0:00:23] White mates.} Bd3 36. Kxf6 Bxe4 37. f4 Kc7 38. Ke7 Kc6 39. f5 Kd5 40. f6 Bg6 41. h4 h5 42. f7 Bxf7 43. Kxf7 Ke5 44. Kg6 Kd5 {[%emt 0:00:13] Weighted Error Value: White=0.06 (flawless) /Black=0.51} 1-0